 Dungeon Crawl Stone Soup version 0.30-a0-358-g0d69a1922f (webtiles) character file.

Game seed: 6998830830432475691

46 koil the Poker (level 3, 0/42 HPs)
             Began as a Minotaur Wanderer on Nov 9, 2022.
             Slain by Grinder (5 damage)
             ... on level 3 of the Dungeon.
             The game lasted 00:04:36 (1575 turns).

koil the Poker (Minotaur Wanderer)                  Turns: 1575, Time: 00:04:37

Health: 0/42       AC: 21    Str: 21    XL:     3   Next: 46%
Magic:  4/4        EV:  2    Int:  8    God:
Gold:   85         SH:  0    Dex: 11    Spells: 5/5 levels left

rFire   . . .      SeeInvis .    p - +8 short sword "Naoxzikh" {flame, *Noise rPois rCorr Str+4}
rCold   . . .      Faith    .    (no shield)
rNeg    . . .      Spirit   .    (body armour currently unavailable)
rPois   +          Reflect  .    (helmet currently unavailable)
rElec   .          Harm     .    (cloak currently unavailable)
rCorr   +          Rampage  .    (gloves currently unavailable)
Will    .....      Clarity  +    (boots currently unavailable)
Stlth   +......... NoTele   +    l - amulet of the acrobat
HPRegen 0.27/turn                (no ring)
MPRegen 0.09/turn                (no ring)

@: tree-form, hasted, very quick
A: stationary, stasis, torment immunity, boosted hp, (horns 2), (retaliatory
headbutt), clarity, wild magic 1
a: no special abilities


You were on level 3 of the Dungeon.
You were a tree.
You visited 1 branch of the dungeon, and saw 3 of its levels.

You collected 85 gold pieces.

Inventory:

Hand Weapons
 a - a +2 spear
 p - the +8 short sword "Naoxzikh" (weapon) {flame, *Noise rPois rCorr Str+4}
   (You found it on level 2 of the Dungeon)

   It burns those it strikes, dealing additional fire damage.
   Str:       It affects your strength (+4).
   rPois:     It protects you from poison.
   *Noise:    It may make noises in combat.
   rCorr:     It protects you from acid and corrosion.
 t - a +1 short sword of venom
Missiles
 h - 4 poisoned darts
Armour
 d - a +0 leather armour
 q - a +0 plate armour (melded)
Jewellery
 l - an amulet of the acrobat (around neck)
Scrolls
 i - a scroll of amnesia {unknown}
 k - 2 scrolls of fear {unknown}
 m - a scroll of enchant weapon {unknown}
 o - 2 scrolls of identify {unknown}
 r - 2 scrolls of enchant armour {unknown}
 s - a scroll of butterflies {unknown}
Potions
 c - 2 potions of invisibility
 j - 2 potions of ambrosia {unknown}
 n - 2 potions of berserk rage {unknown}
 u - a potion of heal wounds {unknown}
Miscellaneous
 b - a piece from Xom's chessboard (14/15) (quivered)


   Skills:
 + Level 1.3 Fighting
 * Level 0.7 Short Blades
 - Level 3.8 Polearms
 + Level 1.8 Armour
 + Level 0.6 Dodging
 + Level 1.6 Spellcasting
 + Level 1.9 Transmutations
 + Level 2.1 Evocations


You had 5 spell levels left.
You didn't know any spells.
Your spell library contained the following spells:

 Spells                   Type           Power      Damage    Failure   Level
 Wereblood                Tmut           4%         N/A       34%         2
 Passwall                 Tmut/Erth      1%         N/A       45%         2


Dungeon Overview and Level Annotations

Branches:
Dungeon (3/15)

Altars:

Shops:
D:2 !

Annotations:
D:3 Grinder, Ijyb


Innate Abilities, Weirdness & Mutations

You are a tree.
Your roots penetrate the ground, keeping you stationary.
You cannot be teleported.
You are immune to unholy pain and torment.
Your maximum health is greatly increased.
Your equipment is partially melded.
((You have a pair of horns on your head.))
((You reflexively headbutt those who attack you in melee.))
You possess an exceptional clarity of mind.
Your spells are a little harder to cast, but a little more powerful.


Message History

Grinder hits you but does no damage. Ijyb hits you but does no damage.
You puncture Grinder! You burn Grinder.
You hear a hideous shriek!
Grinder is heavily wounded.
You hear an angry hiss.
You hear a shout! x2; You hear a bark!
You hear a shout!
You hear an angry hiss.
Grinder hits you.
You writhe in agony.
Ijyb hits you but does no damage.
You hit Grinder. You burn Grinder. Your headbutt misses Grinder.
Grinder is severely wounded.
Grinder hits you but does no damage.
Ijyb zaps a wand.
The puff of flame hits you.
You hit Grinder. You burn Grinder. You headbutt Grinder, but do no damage.
Grinder is severely wounded.
Grinder barely misses you.
Ijyb zaps a wand.
The puff of flame hits you but does no damage.
You hit Grinder. You burn Grinder.
Grinder is almost dead.
Grinder gestures at you. Pain shoots through your body!
* * * LOW HITPOINT WARNING * * *
Ijyb hits you but does no damage.
An adder comes into view.
You closely miss Grinder.
Grinder is almost dead.
Grinder hits you.
* * * LOW HITPOINT WARNING * * *
You writhe in agony.
* * * LOW HITPOINT WARNING * * *
Ijyb screams, "Die!"
Ijyb hits you but does no damage.
A hobgoblin comes into view.
There is a stone staircase leading up here.
It was a potion of mutation.
You feel extremely strange.
Your thoughts seem clearer.
You feel less in control of your magic. Grinder completely misses you.
It was a potion of lignification.
You turn into a tree.
Your +0 plate armour melds into your body.
Your roots penetrate the ground.
Grinder hits you but does no damage.
It was a potion of haste.
You feel yourself speed up. Grinder hits you.
You die...

!.##.#####
......g5♣#
#......###
###....
.......
####...
#.## ..
#.g


You could see Grinder and Ijyb.

Vanquished Creatures
  An adder (D:2)
  An orc (D:2)
  6 bats
  2 endoplasms
  2 giant cockroaches
  A goblin (D:2)
  4 hobgoblins
  5 kobolds
  A quokka (D:2)
  5 ball pythons
  5 rats
33 creatures vanquished.

Notes
Turn   | Place    | Note
-------+----------+-------------------------------------------
     0 | D:1      | koil the Minotaur Wanderer began the quest for the Orb.
     0 | D:1      | koil set off with the following items: a +2 spear, a piece
                  | from Xom's chessboard (15/15), a potion of invisibility, a
                  | +0 leather armour; and the following spells available to
                  | memorise: Wereblood, Passwall.
     0 | D:1      | Reached XP level 1. HP: 14/14 MP: 1/1
   312 | D:1      | Reached XP level 2. HP: 22/22 MP: 3/3
   404 | D:1      | Reached skill level 1 in Fighting
   859 | D:2      | Identified the +8 short sword "Naoxzikh" {flame, *Noise
                  | rPois rCorr Str+4}
   926 | D:2      | Found Ojeplaod's Distillery.
   970 | D:2      | Reached XP level 3. HP: 28/28 MP: 4/4
  1559 | D:3      | Noticed Ijyb
  1559 | D:3      | Noticed Grinder
  1571 | D:3      | HP: 5/28 [Grinder (1)]
  1571 | D:3      | HP: 2/28 [Grinder (3)]
  1573 | D:3      | Gained mutation: You possess an exceptional clarity of
                  | mind. [potion of mutation]
  1573 | D:3      | Gained mutation: Your spells are a little harder to cast,
                  | but a little more powerful. [potion of mutation]
  1575 | D:3      | Slain by Grinder

Illustrated notes

Levels and vault maps discovered:
D:1:      grunt_arrival_crossed_arrows, layout_loops_corners, chequers_garden
D:2:      layout_basic, serial_shops, nicolae_diamond_shop
D:3:      layout_basic, uniq_jessica, uniq_ijyb, uniq_grinder

Skill      XL: |  1  2 |
---------------+-------+-----
Fighting       | 1 |  1.3
Evocations     | 2 |  2.1
Short Blades   | |  0.7
Polearms       | |  3.8
Armour         | |  1.8
Dodging        | |  0.6
Spellcasting   | |  1.6
Transmutations | |  1.9

Action                   || total
-------------------------++-------
Melee: Spear             ||    29
       Headbutt          ||    10
       Short sword       ||    38
Evoke: Piece from Xom's  ||     1
  Use: Potion            ||     3
Armor: Leather armour    ||     5
       Plate armour      ||    21
       Skin              ||     1
Dodge: Dodged            ||    31

Table legend: (Time is in decaauts)
 A = Elapsed time spent in this place.
 B = Non-inter-level travel time spent in this place.
 C = Inter-level travel time spent in this place.
 D = Time resting spent in this place.
 E = Time spent auto-exploring this place.
 F = Levels seen in this place.
 G = Mean time per level.
                   A        B        C        D        E       F      G
               +--------+--------+--------+--------+--------+-----+--------+
         Total |   1571 |   1513 |     58 |      0 |   1309 |   3 |  523.7 |
       Dungeon |   1571 |   1513 |     58 |      0 |   1309 |   3 |  523.7 |
               +--------+--------+--------+--------+--------+-----+--------+

Top non-repeatable levels by time:
     D:1: 813 daAuts
     D:2: 741 daAuts
     D:3: 15 daAuts
